[Event "*** Titled Tuesday Blitz"]
[Site "Chess.com"]
[Date "2021.02.16"]
[Round "2"]
[White "queen_iryna"]
[Black "kingofthenil"]
[Result "0-1"]
[WhiteElo "2399"]
[BlackElo "2674"]
[TimeControl "180+1"]
[EndTime "10:19:22 PST"]
[Termination "kingofthenil won by checkmate"]

1. e4 Nc6 2. Nf3 d5 3. exd5 Qxd5 4. Nc3 Qh5 5. Bb5 Bg4 6. d4 O-O-O 7. Bxc6 bxc6 8. Be3 e6 9. Qe2 Bxf3 10. gxf3 Bb4 11. Qa6+ Kd7 12. O-O-O Bxc3 13. bxc3 Ne7 14. Rhg1 Qxf3 15.
Rg3 Qf6 16. Bg5 Qxf2 17. Bxe7 Kxe7 18. Qxc6 Qf4+ 19. Kb1 Rb8+ 20. Ka1 g6 21. Rf3 Qd6 22. Qc4 Rb6 23. Rdf1 f5 24. Re3 Rc6 25. Qb3 Rb6 26. Qc4 Kd7 27. Rfe1 Re8 28. d5 e5 29. Qa4+ Kd8 30.
Qxa7 e4 31. Rh3 h5 32. Rg3 f4 33. Rg5 e3 34. Reg1 e2 35. Re1 f3 36. Qa8+ Ke7 37.
Qa4 Qf6 38. Qe4+ Kf7 39. Qh4 Qxc3# 0-1

[Event "*** Titled Tuesday Blitz"]
[Site "Chess.com"]
[Date "2021.02.16"]
[Round "2"]
[White "kobemagic"]
[Black "Shahaliyev"]
[Result "0-1"]
[WhiteElo "2388"]
[BlackElo "2666"]
[TimeControl "180+1"]
[EndTime "10:19:22 PST"]
[Termination "Shahaliyev won by resignation"]

1. c4 Nf6 2. g3 c6 3. Bg2 d5 4. Nf3 Bf5 5. Qb3 Qc8 6. cxd5 cxd5 7. O-O Nc6 8. Nc3 e6 9. d3 Bd6 10. Re1 Bg4 11. Nb5 Bb8 12. Nfd4 O-O 13. Bg5 Nxd4 14. Nxd4 Be5 15. Rac1 Qd7 16. Nf3 Bxf3 17. Bxf3 h6 18. Bd2 Rfc8 19. Rxc8+ Rxc8 20. Rc1 Rxc1+ 21. Bxc1 Qc7 22.
Bd2 Nd7 23. Kg2 Nb8 24. Qa4 Nc6 25. b4 a6 26. b5 axb5 27. Qxb5 Kh7 28. e3 Bd6 29. d4 f5 30. Be2 Qe7 31. a4 Nd8 32. a5 Nf7 33. h4 g5 34. hxg5 hxg5 35. Bh5 Nd8 36. Qe8 Qxe8 37. Bxe8 Kg7 38. Bb5 Kf7 39. a6 bxa6 40. Bxa6 Kf6 41. Ba5 Nc6 42. Bc3 Bb4 43. Bxb4 Nxb4 44. Be2 Nc2 45. Bd3 Ne1+ 0-1

[Event "*** Titled Tuesday Blitz"]
[Site "Chess.com"]
[Date "2021.02.16"]
[Round "2"]
[White "Nils_03"]
[Black "bazar-wokzal"]
[Result "1-0"]
[WhiteElo "2343"]
[BlackElo "2575"]
[TimeControl "180+1"]
[EndTime "10:19:22 PST"]
[Termination "Nils_03 won by checkmate"]

1. e4 Nc6 2. d4 d5 3. e5 h5 4. c3 Bg4 5. Ne2 Qd7 6. h3 Bxe2 7. Bxe2 h4 8. Nd2 O-O-O 9. Nf3 f6 10. Bf4 g5 11.
Bh2 Bg7 12. Qd2 fxe5 13. Nxg5 Nh6 14. dxe5 Bxe5 15. Bxe5 Nxe5 16. O-O-O Kb8 17. Nf3 Nhf7 18. Qf4 Qd6 19. Kb1 Qg6+ 20. Ka1 Nxf3 21. Bxf3 e5 22. Qg4 Qxg4 23. Bxg4 e4 24. Be6 Ne5 25. Rxd5 Nd3 26.
f3 exf3 27. gxf3 Nf4 28. Rxd8+ Rxd8 29. Bg4 c5 30. a4 Rd2 31. Re1 Kc7 32. Re7+ Kb6 33.
Bc8 Ka5 34. Rxb7 a6 35. Bd7 Rxd7 36. Rxd7 Nxh3 37. Rh7 Ng5 38. f4 Nf3 39. f5 Ng5 40.
Rxh4 c4 41. Rxc4 Nf7 42. Rc7 Nd6 43. f6 Kxa4 44. f7 Nb5 45. f8=Q Nxc7 46. Qb4# 1-0

[Event "*** Titled Tuesday Blitz"]
[Site "Chess.com"]
[Date "2021.02.16"]
[Round "2"]
[White "arminmusovic"]
[Black "Matols"]
[Result "1-0"]
[WhiteElo "2471"]
[BlackElo "2272"]
[TimeControl "180+1"]
[EndTime "10:19:22 PST"]
[Termination "arminmusovic won on time"]

1. a3 d5 2. Nc3 Nf6 3. d3 e5 4. Bg5 Be7 5. e4 d4 6. Nce2 O-O 7. h3 c5 8. f4 exf4 9. Nxf4 Nc6 10. Nf3 Re8 11.
Be2 h6 12. Bxf6 Bxf6 13. O-O Be6 14. Qd2 Bg5 15. Nxg5 Qxg5 16. Rad1 Ne5 17. Kh1 Rad8 18. b3 Ng6 19. Rf2 Nxf4 20. Rxf4 b6 21. Rdf1 Re7 22. Qe1 Rde8 23. Qf2 Qe5 24. Bd1 Qg5 25. Kh2 Qe5 26.
Kg1 Qg5 27. Bg4 Bxg4 28. Rxg4 Qe5 29. Qh4 Re6 30. Rf5 Qd6 31. Qh5 Rg6 32. Rd5 Qe6 33.
Rf4 Rf8 34. Qf3 Rg5 35. Rff5 Rxf5 36. Rxf5 Re8 37. Rd5 Rf8 38. b4 Rc8 39. b5 Re8 40. a4 f6 41. Qh5 Rc8 42. Qg6 Re8 43. Qg3 Qf7 44. Rd6 Kh7 45. Qf4 Re7 46. Rd8 Qg6 47. h4 Qh5 48. Kh2 Qd1 49. Qf5+ g6 50. Qxf6 Rg7 51.
Qf8 g5 52. Qh8+ 1-0

[Event "*** Titled Tuesday Blitz"]
[Site "Chess.com"]
[Date "2021.02.16"]
[Round "2"]
[White "Vasily85"]
[Black "Kapibara_Warri0r"]
[Result "1/2-1/2"]
[WhiteElo "2419"]
[BlackElo "2171"]
[TimeControl "180+1"]
[EndTime "10:19:23 PST"]
[Termination "Game drawn - insufficient material"]

1. d4 Nf6 2. Nc3 g6 3. Bf4 Bg7 4. e4 d6 5. Qd2 h6 6. Nf3 g5 7.
Bg3 Nbd7 8. Bc4 c5 9. dxc5 Nxc5 10. e5 Nh5 11. exd6 Nxg3 12. Bb5+ Bd7 13. hxg3 exd6 14. O-O-O Bxb5 15. Rhe1+ Ne6 16. Nxb5 O-O 17. Nxd6 Qb6 18. Nc4 Qa6 19. Qb4 Qxa2 20. c3 b5 21. Nd6 a5 22. Qa3 Qxa3 23. bxa3 Bxc3 24. Re3 Bf6 25. Ne5 g4 26. Nexf7 Rxf7 27. Rxe6 Bg5+ 28. Kb2 Rxf2+ 29.
Kb1 Raf8 30. Ne4 Rxg2 31. Nxg5 hxg5 32. Rg6+ Kh7 33. Rxg5 Rh2 34. Rxg4 Rff2 35. Rd7+ Kh6 36. Rh4+ Rxh4 37. gxh4 b4 38. axb4 axb4 39. Rb7 Rf4 40.
Kb2 Kh5 41. Kb3 Kxh4 42. Rxb4 Rxb4+ 43. Kxb4 1/2-1/2

[Event "*** Titled Tuesday Blitz"]
[Site "Chess.com"]
[Date "2021.02.16"]
[Round "2"]
[White "Sadykov_Ramil"]
[Black "SimplyDevina"]
[Result "1-0"]
[WhiteElo "2547"]
[BlackElo "2232"]
[TimeControl "180+1"]
[EndTime "10:19:25 PST"]
[Termination "Sadykov_Ramil won by resignation"]

1. e4 d5 2. exd5 Qxd5 3. Nc3 Qd8 4. d4 Nf6 5. Nf3 g6 6. Be2 Bg7 7. h3 O-O 8. O-O a6 9. Bf4 b5 10. Ne5 Bb7 11. Bf3 Qc8 12. Re1 e6 13. a4 b4 14. Ne4 Nxe4 15. Bxe4 Bxe4 16. Rxe4 Qb7 17.
Qd3 Rd8 18. Rae1 Nc6 19. Qc4 Na5 20. Qe2 Nc6 21. c3 Rab8 22. Qf3 Nxe5 23. Bxe5 bxc3 24. bxc3 Rd7 25. Bxg7 Kxg7 26. h4 Qd5 27. h5 Qxh5 28. Qxh5 gxh5 29. Re5 Rb3 30. R1e3 Kf6 31. Rxh5 Kg7 32.
Ra5 Rd6 33. Rg3+ Kf8 34. Rh5 Ke7 35. Rxh7 Rb1+ 36. Kh2 Rb2 37. Rf3 Rd5 38. Rfxf7+ Ke8 39. Rxc7 Kd8 40. Ra7 Rd7 1-0

[Event "*** Titled Tuesday Blitz"]
[Site "Chess.com"]
[Date "2021.02.16"]
[Round "2"]
[White "ChampStan"]
[Black "marianokar"]
[Result "1-0"]
[WhiteElo "2243"]
[BlackElo "2429"]
[TimeControl "180+1"]
[EndTime "10:19:25 PST"]
[Termination "ChampStan won by checkmate"]

1. d4 c5 2. d5 e5 3. e4 d6 4. Nc3 Nf6 5. g3 Be7 6. h4 O-O 7. Bh3 Nbd7 8. Nf3 Ne8 9. a4 g6 10. Bh6 Ng7 11. Qd2 Nf6 12. Bxc8 Qxc8 13. Bg5 Qg4 14. Qe2 a6 15. Nd2 Qd7 16. Nc4 Qc7 17.
a5 Rae8 18. Bh6 Kh8 19. g4 Ng8 20. Bd2 f5 21. h5 f4 22. h6 Bg5 23. hxg7+ Kxg7 24. f3 Nf6 25. O-O-O Rh8 26. Kb1 Rb8 27. Na4 Nd7 28.
Nab6 Nf6 29. Bc3 Rbe8 30. Rh2 h6 31. Rdh1 Rhf8 32. Be1 Rh8 33. Bh4 Bxh4 34. Rxh4 g5 35. R4h3 Kg6 36. Qh2 Ng8 37. Rh5 Rh7 38. Na4 Ree7 39.
Nc3 Nf6 40. Rxh6+ Kf7 41. Rxh7+ Ke8 42. Rxe7+ Qxe7 43. Qh8+ Kd7 44. Nb6+ Kc7 45. Qc8# 1-0

[Event "*** Titled Tuesday Blitz"]
[Site "Chess.com"]
[Date "2021.02.16"]
[Round "2"]
[White "rachidhuilda"]
[Black "BigAl"]
[Result "0-1"]
[WhiteElo "2272"]
[BlackElo "2470"]
[TimeControl "180+1"]
[EndTime "10:19:26 PST"]
[Termination "BigAl won on time"]

1. d4 g6 2. e4 Bg7 3. Nc3 d6 4.
Nf3 a6 5. a4 b6 6. Bd3 e6 7.
O-O Ne7 8. Be3 h6 9. Qd2 Bb7 10. Rfe1 Nd7 11. Rad1 g5 12. h3 Rg8 13. d5 e5 14. Ne2 Ng6 15. Ng3 Kf8 16. Nf5 Nf4 17.
Kh2 Bc8 18. g3 Nxd3 19. Qxd3 Nf6 20. Nd2 Qd7 21. b3 Nxe4 22. g4 Nxd2 23. Bxd2 Qd8 24. Ng3 Qf6 25. Re2 Ke8 26. c4 a5 27. Ne4 Qg6 28. f3 f5 29. Ng3 Rf8 30. c5 bxc5 31.
Qb5+ Kd8 32. Bxa5 fxg4 33. fxg4 e4 34. Be1 Be5 35. Qc4 Rf4 36. Re3 Ba6 37. Qc2 Qf6 38. Rd2 Bd3 39. Rdxd3 exd3 40. Qxd3 Rb8 41. Qh7 Qf7 42. Qxh6 Qxd5 0-1

[Event "*** Titled Tuesday Blitz"]
[Site "Chess.com"]
[Date "2021.02.16"]
[Round "2"]
[White "GLeruste"]
[Black "jd001"]
[Result "0-1"]
[WhiteElo "2451"]
[BlackElo "2285"]
[TimeControl "180+1"]
[EndTime "10:19:26 PST"]
[Termination "jd001 won by resignation"]

1. d4 e6 2. Nc3 f5 3. e4 fxe4 4. Nxe4 Be7 5. Bd3 Nf6 6. Nf3 O-O 7. Qe2 d6 8. Bd2 Nc6 9. c3 Bd7 10. O-O-O a5 11. Neg5 Qc8 12. h4 a4 13. g4 e5 14.
dxe5 dxe5 15. Bc4+ Kh8 16. Nxe5 Nxe5 17. Qxe5 Bd6 18. Qe2 Bxg4 19. f3 Bh5 20. Rdf1 a3 21.
b3 Qf5 22. Bd3 Qe5 23. Qxe5 Bxe5 24. f4 Bd6 25. Rhg1 Rae8 26. Kc2 h6 27. Nf3 Nd5 28. Nd4 Ne3+ 29. Bxe3 Rxe3 30. Nf5 Rxd3 31. Kxd3 Rxf5 32. Ke4 Rf6 33. f5 Bf7 34. Rd1 c6 35. Rgf1 Bd5+ 36. Kd3 Bg3 37. h5 Rd6 38. Ke3 Rf6 39. c4 Bf7 40. Rd8+ Kh7 41. Rd7 Bxh5 42. Rxb7 Bd6 43. Ke4 Be8 44. Rg1 Bf8 45. Rb8 Bd7 46. b4 Bxf5+ 47.
Ke5 Bd6+ 48. Kd4 Bxb8 49. b5 Ba7+ 50. c5 cxb5 51. Rc1 Rd6+ 52. Ke5 Rc6 53. Kd5 Rxc5+ 54. Rxc5 Bxc5 55. Kxc5 Be6 56. Kxb5 Bxa2 57. Kb4 Bb1 0-1

[Event "*** Titled Tuesday Blitz"]
[Site "Chess.com"]
[Date "2021.02.16"]
[Round "2"]
[White "SchmakAttack"]
[Black "mishanick"]
[Result "0-1"]
[WhiteElo "2592"]
[BlackElo "3011"]
[TimeControl "180+1"]
[EndTime "10:19:27 PST"]
[Termination "mishanick won by resignation"]

1. e4 c5 2. Nf3 d6 3. d4 cxd4 4. Nxd4 Nf6 5. Nc3 a6 6. Bg5 e6 7.
f4 Nbd7 8. Qe2 h6 9. Bh4 e5 10.
O-O-O exf4 11. Nf5 Ne5 12. Bxf6 Qxf6 13. Nd5 Qd8 14.
Qf2 g6 15. Nd4 Bg7 16. h4 Bg4 17. Be2 h5 18. Kb1 O-O 19. Qxf4 Rc8 20. c3 b5 21.
Bxg4 Nxg4 22. Qd2 Re8 23. Rhe1 Qxh4 24. Nf3 Qd8 25. Nb4 a5 26. Nc2 b4 27. cxb4 axb4 28. Nxb4 Qb6 29. Qxd6 Qb7 30. a3 Rxe4 31. Rxe4 Qxe4+ 32. Qd3 Qe6 33. Qd7 Qc4 34. Qd2 Qb3 35. Rc1 Re8 36.
Qc2 Qe6 37. Re1 Ne3 38. Qd3 f5 39. Re2 f4 40. Qd2 Bf6 41. Qc1 Rc8 42. Qd2 Qf5+ 43. Qd3 Qxd3+ 44. Nxd3 g5 45. a4 Rd8 46. a5 Rxd3 0-1

[Event "*** Titled Tuesday Blitz"]
[Site "Chess.com"]
[Date "2021.02.16"]
[Round "2"]
[White "EvgenyRomanov"]
[Black "AniJak"]
[Result "1-0"]
[WhiteElo "2600"]
[BlackElo "2331"]
[TimeControl "180+1"]
[EndTime "10:19:27 PST"]
[Termination "EvgenyRomanov won by resignation"]

1. d4 d5 2. c4 c6 3. Nf3 Nf6 4. Qc2 e6 5. Bg5 h6 6. Bh4 g5 7. Bg3 Bb4+ 8. Nc3 Ne4 9. Nd2 Nxg3 10. hxg3 Qe7 11. e4 dxe4 12. Ndxe4 f5 13. Nd2 Nd7 14. O-O-O Nb6 15. a3 Bxc3 16. Qxc3 Bd7 17. d5 O-O-O 18. d6 Qf7 19. Nf3 Kb8 20. Nxg5 Qg8 21. Nf3 c5 22. Ne5 Ba4 23. Rd2 Be8 24. Be2 Nd7 25. Bf3 Nxe5 26.
Qxe5 Bd7 27. Qxc5 Rc8 28. Qb4 b6 29. Kb1 e5 30. Bd5 Qg6 31. Ka1 Rc5 32. Rhd1 h5 33. Qc3 Re8 34. b4 Rcc8 35. c5 e4 36. c6 Qxd6 37.
cxd7 Qxd7 38. Qe3 Qa4 39. Kb2 Rc7 40. Qf4 Rc8 41. Rc1 Qb5 42. Be6 a5 43. Rxc7 Rxc7 44.
Rd8+ Kb7 45. Bd5+ Ka6 46. Qxc7 1-0

[Event "*** Titled Tuesday Blitz"]
[Site "Chess.com"]
[Date "2021.02.16"]
[Round "2"]
[White "Kaiyrbekov"]
[Black "dosto07"]
[Result "0-1"]
[WhiteElo "2112"]
[BlackElo "2408"]
[TimeControl "180+1"]
[EndTime "10:19:27 PST"]
[Termination "dosto07 won by resignation"]

1. c4 e5 2. Nc3 Nf6 3. Nf3 Nc6 4. g3 d5 5. cxd5 Nxd5 6. Bg2 Nb6 7. O-O Be7 8. d4 exd4 9. Nb5 Bf6 10. e3 d3 11.
Nbd4 O-O 12. Nxc6 bxc6 13. Nd4 Bxd4 14. exd4 Bf5 15. Bxc6 Rb8 16. Qf3 Bg6 17. Bf4 Qxd4 18.
Bxc7 Rbc8 19. Bf4 Qxb2 20. Be4 Bxe4 21. Qxe4 Qe2 22. Rfe1 Qxe4 23. Rxe4 Rfd8 24. Rae1 h6 25.
Bd2 Rc2 26. Rd1 Nc4 27. Be3 Nxe3 28. Rxe3 d2 29. Re2 Rxa2 30. Kg2 Rc2 31. h4 h5 32. Kf3 a5 33. Ke3 Kh7 34. Rexd2 Rcxd2 35. Rxd2 Rxd2 36. Kxd2 Kg6 37. Kc3 Kf5 38. Kc4 Ke4 39. Kb5 Kf3 40. g4 hxg4 41. Kxa5 Kxf2 42. Kb5 g3 43. h5 g2 44. h6 gxh6 0-1

[Event "*** Titled Tuesday Blitz"]
[Site "Chess.com"]
[Date "2021.02.16"]
[Round "2"]
[White "jefferyx"]
[Black "Pelopidass"]
[Result "1-0"]
[WhiteElo "2981"]
[BlackElo "2588"]
[TimeControl "180+1"]
[EndTime "10:19:28 PST"]
[Termination "jefferyx won by resignation"]

1. d4 Nf6 2. c4 g6 3. f3 Bg7 4.
e4 d6 5. Nc3 O-O 6. Be3 c5 7.
Nge2 Nc6 8. d5 Ne5 9. Ng3 Qa5 10.
Be2 h5 11. O-O h4 12. Nh1 Qb4 13. Qb3 Qxb3 14. axb3 Nh5 15. Nf2 f5 16. f4 Ng4 17.
Nxg4 fxg4 18. e5 Bf5 19. Nb5 dxe5 20. fxe5 Bxe5 21. Bxc5 a6 22. Nc3 Rf7 23. Rae1 Nf4 24. Rf2 g3 25. hxg3 hxg3 26. Rf3 Bg4 27. Re3 Bxc3 28.
bxc3 Nxe2+ 29. R3xe2 Bxe2 30. Rxe2 Raf8 31. Re1 Re8 32.
d6 e5 33. Re3 e4 34. Rxg3 Kh7 35. Rh3+ Kg8 36. Bd4 Rh7 37. Rxh7 Kxh7 38. Bf6 e3 39. d7 e2 40. dxe8=Q 1-0

[Event "*** Titled Tuesday Blitz"]
[Site "Chess.com"]
[Date "2021.02.16"]
[Round "2"]
[White "xamax2000"]
[Black "drragnar1"]
[Result "1-0"]
[WhiteElo "2671"]
[BlackElo "2396"]
[TimeControl "180+1"]
[EndTime "10:19:29 PST"]
[Termination "xamax2000 won by resignation"]

1. d4 Nf6 2. c4 c5 3. d5 e5 4. Nc3 d6 5. e4 Be7 6. h3 O-O 7. Nf3 Ne8 8. Bd3 Nd7 9. Be3 g6 10. g4 Ng7 11. Rg1 Kh8 12. Qc2 a6 13. a4 Nf6 14. Nd2 h5 15. f3 Nfe8 16. Nf1 h4 17. Qd2 g5 18. Bf2 Nc7 19. Ne3 Rb8 20. Qe2 Kg8 21. a5 b6 22. axb6 Rxb6 23. Kf1 Bd7 24. Kg2 Qb8 25. Ra2 Qb7 26. Rb1 a5 27. Qc2 Na6 28.
Rxa5 Nb4 29. Qd2 Ra8 30. Rxa8+ Qxa8 31. Be2 f6 32. Qc1 Ra6 33. Nc2 Na2 34. Nxa2 Rxa2 35. Ra1 Bd8 36. Be1 Kf8 37. Bc3 Ke7 38. Rxa2 Qxa2 39.
Qa1 Qb3 40. Ne3 Bb6 41. Qa8 Bd8 42. Bd1 Qb6 43. Ba4 Bxa4 44. Qxa4 Qb7 45. Kf2 Qb6 46.
Ke2 Qb7 47. Kd2 Ne8 48. Nf5+ Kf8 49. Qxe8+ Kxe8 50. Nxd6+ 1-0

[Event "*** Titled Tuesday Blitz"]
[Site "Chess.com"]
[Date "2021.02.16"]
[Round "2"]
[White "MarkoPe"]
[Black "Problematique_99"]
[Result "0-1"]
[WhiteElo "2213"]
[BlackElo "2443"]
[TimeControl "180+1"]
[EndTime "10:19:29 PST"]
[Termination "Problematique_99 won on time"]

1. e4 c5 2. Nf3 Nc6 3. d4 cxd4 4. Nxd4 g6 5. c4 Nf6 6. Nc3 d6 7. Be2 Nxd4 8. Qxd4 Bg7 9. Be3 O-O 10. Qd2 a5 11. a4 Be6 12. O-O Nd7 13. f4 Rc8 14.
b3 Nc5 15. Rab1 Bxc3 16. Qxc3 Nxe4 17. Qd4 f5 18. Bf3 Qd7 19. Qb6 Ra8 20. Rbd1 Ra6 21. Qb5 Qc7 22. Bd4 Bd7 23. Bxe4 Bxb5 24. Bd5+ Rf7 25.
axb5 Ra8 26. Rfe1 Re8 27. b6 Qd8 28. Bc3 Qxb6+ 29. Kh1 Kf8 30. Bxf7 Kxf7 31. Rb1 Rc8 32. h3 Qa6 33. Kh2 a4 34. b4 Qxc4 35. Bd2 Qd3 36. Be3 Rc2 37. b5 a3 38. Bg1 a2 39. Ra1 Qd5 0-1

[Event "*** Titled Tuesday Blitz"]
[Site "Chess.com"]
[Date "2021.02.16"]
[Round "2"]
[White "Anton_Demchenko"]
[Black "SilviusTiberius"]
[Result "0-1"]
[WhiteElo "2898"]
[BlackElo "2576"]
[TimeControl "180+1"]
[EndTime "10:19:31 PST"]
[Termination "SilviusTiberius won by checkmate"]

1. e4 e5 2. Nf3 Nc6 3. Bc4 Bc5 4. d3 Nf6 5. Bg5 d6 6. c3 a5 7. Nbd2 h6 8. Bh4 a4 9. Bb5 a3 10. b4 Bb6 11. O-O g5 12. Bg3 h5 13. h4 Ng4 14.
Nxg5 f6 15. Ngf3 Rg8 16. Qb3 Kf8 17. Kh1 Qe7 18. Rae1 Qg7 19. d4 Nxf2+ 20. Rxf2 Qxg3 21. Rfe2 exd4 22. Nf1 Qf4 23. Bxc6 d3 24. Rd2 Rg4 25. N1h2 bxc6 26. Rf1 Qg3 27. Rxd3 Rxe4 28. c4 Be6 29. Ne1 Qxh4 30. Rdf3 Bd4 31. Qd3 Be5 32. g3 Bxg3 33. Rxg3 Bxc4 34. Qf3 Bxf1 35. Kg1 Rxe1 36. Nxf1 Qd4+ 37.
Kg2 Qb2+ 38. Kg1 Qd4+ 39. Kg2 Rae8 40. Rg6 R8e2+ 41. Kh3 Kf7 42. Rh6 Qg4+ 43. Qxg4 hxg4+ 44. Kxg4 Rxf1 45. Rh7+ Ke6 46. Rxc7 Rxa2 47. Rxc6 Rb1 48. Rb6 Rab2 49. Ra6 Rxb4+ 50. Kf3 R4b3+ 51. Ke2 R1b2+ 52. Kd1 a2 53. Kc1 Rg2 54. Rxa2 Rxa2 55. Kd1 Rb1# 0-1

[Event "*** Titled Tuesday Blitz"]
[Site "Chess.com"]
[Date "2021.02.16"]
[Round "2"]
[White "MasterMK73"]
[Black "mbojan"]
[Result "0-1"]
[WhiteElo "2252"]
[BlackElo "2623"]
[TimeControl "180+1"]
[EndTime "10:19:31 PST"]
[Termination "mbojan won on time"]

1. e4 c6 2. d4 d5 3. e5 Bf5 4. Nd2 e6 5. Nb3 Nd7 6. Be3 Ne7 7. Ne2 Bg6 8. Ng3 Nf5 9. Nxf5 Bxf5 10. Bd3 Bxd3 11.
Qxd3 Be7 12. O-O O-O 13. f4 f5 14. exf6 Nxf6 15. Rae1 Bd6 16. Nd2 Qc7 17. g3 Rae8 18. Kg2 Bb4 19. c3 Bd6 20. b4 Rf7 21. Bg1 g6 22. Rf2 Rff8 23. Rfe2 Qf7 24. h3 Nh5 25.
Bh2 Ng7 26. Rf1 Nf5 27. Nf3 h6 28. Ref2 Bb8 29. g4 Nd6 30. Ne5 Qg7 31. Nxg6 Rf6 32. f5 exf5 33. Nh4 f4 34. Bxf4 Ne4 35. Rf3 Bxf4 36.
Rxf4 Rxf4 37. Rxf4 Qg5 38. Ng6 Qxg6 39. Rf5 Rf8 40. Rxf8+ Kxf8 41. Qf3+ Qf7 42. Qe3 Qf6 0-1

[Event "*** Titled Tuesday Blitz"]
[Site "Chess.com"]
[Date "2021.02.16"]
[Round "2"]
[White "Shuvalov"]
[Black "politeplayer"]
[Result "1-0"]
[WhiteElo "2510"]
[BlackElo "2205"]
[TimeControl "180+1"]
[EndTime "10:19:32 PST"]
[Termination "Shuvalov won on time"]

1. Nf3 Nf6 2. c4 e6 3. g3 d5 4. Bg2 c5 5. O-O Nc6 6. cxd5 exd5 7. d4 Be7 8. Nc3 O-O 9. dxc5 Bxc5 10. Na4 Be7 11. Be3 Bg4 12. Rc1 Re8 13. Nc5 Qb6 14. Ne6 Qxb2 15. Nc7 Qxa2 16. Nxa8 Rxa8 17. Ra1 Qc4 18. Qd2 Ne4 19. Qd3 Nc3 20. Rfe1 Nb4 21. Qxc4 dxc4 22. Rxa7 Rxa7 23. Bxa7 Nc2 24. Rf1 Nxe2+ 25.
Kh1 b5 26. Ne5 Be6 27. Nc6 Bf6 28. Be4 Ncd4 29. Nxd4 Nxd4 30. Rd1 Nb3 31. Bd5 Bxd5+ 32. Rxd5 g6 33. Rxb5 Kg7 34. Be3 Nd4 35. Rc5 Nf5 36.
Rxc4 Nxe3 37. fxe3 h5 38. Kg2 Bg5 39. Kf3 Bf6 40.
Rc7 Bg5 41. Rb7 h4 42. g4 Bf6 43. h3 g5 44. Ke4 Kg6 45. Kd5 Bc3 46. e4 Bd2 47. Rb6+ Kg7 48. e5 Bf4 49. Ke4 1-0

[Event "*** Titled Tuesday Blitz"]
[Site "Chess.com"]
[Date "2021.02.16"]
[Round "2"]
[White "pavelalexandru07"]
[Black "Rodchenkov_Vitalij"]
[Result "0-1"]
[WhiteElo "2323"]
[BlackElo "2581"]
[TimeControl "180+1"]
[EndTime "10:19:32 PST"]
[Termination "Rodchenkov_Vitalij won by resignation"]

1. e4 d5 2. exd5 Qxd5 3. Nc3 Qd6 4. d4 Nf6 5. Nf3 a6 6. Be3 Bf5 7. Bd3 Bg6 8. Ne5 Nc6 9. Nxc6 Qxc6 10. f3 O-O-O 11.
Qe2 e6 12. O-O-O Bb4 13. Ne4 Qa4 14. Kb1 Nd5 15. Bc1 Kb8 16. c4 Nb6 17. b3 Qe8 18.
Bb2 Be7 19. Rhe1 Ka7 20. Bc2 h5 21. Nf2 Bxc2+ 22. Qxc2 h4 23. Ne4 Qc6 24. Nf2 Rh5 25.
d5 Qc5 26. Ne4 Qa5 27. dxe6 Rxd1+ 28. Rxd1 fxe6 29. Bc3 Qf5 30. Bxg7 Qg6 31. Bd4 c5 32. Bg1 h3 33. g3 Rf5 34. f4 e5 35. Nxc5 exf4 36. Nd7 Bd8 37. Nxb6 Bxb6 38. Bxb6+ Kxb6 39. Rd5 Rf6 40. Qxg6 Rxg6 41. gxf4 Rg2 42. Rd1 Rxh2 43. f5 Rf2 44. Rd6+ Kc5 45. Rh6 h2 46. f6 Rf1+ 47. Kb2 h1=Q 48. Rxh1 Rxh1 49. f7 Rf1 0-1

[Event "*** Titled Tuesday Blitz"]
[Site "Chess.com"]
[Date "2021.02.16"]
[Round "2"]
[White "elohunter1999"]
[Black "Aslanov_Umid"]
[Result "0-1"]
[WhiteElo "2627"]
[BlackElo "2347"]
[TimeControl "180+1"]
[EndTime "10:19:33 PST"]
[Termination "Aslanov_Umid won by checkmate"]

1. d4 d5 2. c4 e6 3. Nf3 c6 4. Nc3 Nf6 5. e3 Be7 6. Bd3 O-O 7. O-O Nbd7 8. e4 dxe4 9. Nxe4 Nxe4 10. Bxe4 Nf6 11. Bc2 h6 12. b3 Re8 13. Bb2 Bf8 14.
Qd3 g6 15. Ne5 Bg7 16. Rfe1 Qc7 17. Re3 Rd8 18. Rg3 Nh5 19. Nxg6 Nxg3 20. fxg3 Qd6 21.
Rf1 Bxd4+ 22. Kh1 Bxb2 23. Qe4 Bg7 24. Nf4 f5 25. Qf3 Qe7 26. b4 Bd7 27. c5 Be8 28. g4 e5 29. Bb3+ Bf7 30. Ng6 Qf6 31. Bxf7+ Qxf7 32.
gxf5 Rd2 33. Nh4 Bf6 34. g3 Rad8 35. Qg4+ Qg7 36. Ng6 R8d4 37. Qf3 e4 38. Qh5 e3 39. Nf4 e2 40. Qe8+ Qf8 41. Qg6+ Bg7 42. Qe6+ Qf7 43.
Qc8+ Rd8 44. Qe6 exf1=Q# 0-1

[Event "*** Titled Tuesday Blitz"]
[Site "Chess.com"]
[Date "2021.02.16"]
[Round "2"]
[White "Kotofeyca"]
[Black "Kale36"]
[Result "1-0"]
[WhiteElo "2443"]
[BlackElo "2217"]
[TimeControl "180+1"]
[EndTime "10:19:33 PST"]
[Termination "Kotofeyca won by resignation"]

1. d4 Nc6 2. c4 e5 3. d5 Nce7 4.
h4 h5 5. Nf3 Ng6 6. Ng5 Nf6 7.
g3 Bc5 8. Nc3 d6 9. e3 Bg4 10. f3 Bd7 11. Bh3 Qe7 12. Bxd7+ Qxd7 13. a3 a6 14. b4 Ba7 15. Qd3 O-O 16. e4 Nh7 17.
Nxh7 Kxh7 18. Be3 Bxe3 19. Qxe3 f5 20. Qg5 Qf7 21. Qxh5+ Kg8 22. O-O f4 23. g4 Qf6 24.
g5 Qf7 25. Kf2 Ne7 26. Qxf7+ Kxf7 27. h5 Rh8 28. Rh1 g6 29. h6 Kg8 30. c5 Kh7 31.
Rhc1 Rhc8 32. Ra2 b6 33. Rac2 a5 34. cxd6 cxd6 35. Nb5 Rxc2+ 36. Rxc2 Rc8 37. Rxc8 Nxc8 38. bxa5 bxa5 39. Ke2 Nb6 40. Nxd6 Nd7 41. Nc4 a4 42. Kd3 Nc5+ 43. Kc3 Nd7 44. Kb4 Kg8 45. Kxa4 Nc5+ 46.
Kb5 Nxe4 47. fxe4 f3 48. Ne3 f2 49. Nf1 Kf7 50. d6 Ke6 51. h7 Kxd6 52. h8=Q 1-0

[Event "*** Titled Tuesday Blitz"]
[Site "Chess.com"]
[Date "2021.02.16"]
[Round "2"]
[White "AliKa2810"]
[Black "GOGIEFF"]
[Result "0-1"]
[WhiteElo "2540"]
[BlackElo "2892"]
[TimeControl "180+1"]
[EndTime "10:19:34 PST"]
[Termination "GOGIEFF won on time"]

1. d4 Nf6 2. c4 e6 3. Nf3 d5 4.
Nc3 c6 5. Bg5 h6 6. Bxf6 Qxf6 7.
Qb3 a5 8. e3 a4 9. Nxa4 dxc4 10.
Bxc4 b5 11. Bxb5 cxb5 12. Nb6 Qd8 13. Nxa8 Qa5+ 14. Nd2 Qxa8 15. O-O Nd7 16. Qxb5 Bd6 17. Rfc1 O-O 18. a4 Nf6 19. Qc6 Qb8 20. h3 Bb7 21.
Qb5 Qa8 22. f3 Nd5 23. Qe2 Ba6 24. Qf2 Qb8 25. Ne4 Bg3 26. Nxg3 Nb4 27. Rc3 Nd3 28. Rxd3 Bxd3 29. Ne4 Rc8 30. Nc5 Bg6 31. a5 e5 32.
a6 exd4 33. exd4 Qa7 34. b4 Rb8 35. Qd2 f6 36. Qc3 Bf7 37. Re1 h5 38. h4 Qb6 39.
Re7 Qd6 40. a7 Ra8 41. Rb7 Bd5 42. Rd7 Qg3 43. Qe3 Bc6 44. Re7 Kh8 45. Ne6 g5 46.
hxg5 Rg8 47. Nf4 Qxg5 0-1

[Event "*** Titled Tuesday Blitz"]
[Site "Chess.com"]
[Date "2021.02.16"]
[Round "2"]
[White "sorch29"]
[Black "johnathan113"]
[Result "0-1"]
[WhiteElo "2155"]
[BlackElo "2610"]
[TimeControl "180+1"]
[EndTime "10:19:34 PST"]
[Termination "johnathan113 won by resignation"]

1. c4 c5 2. Nf3 g6 3. d4 cxd4 4. Nxd4 Bg7 5. e4 Nc6 6. Be3 Nf6 7. Nc3 O-O 8. Be2 b6 9. O-O Bb7 10. f3 e6 11. Nb3 d5 12. cxd5 exd5 13. exd5 Nb4 14. d6 Nbd5 15. Nxd5 Nxd5 16. Bd4 Qxd6 17.
Bxg7 Kxg7 18. Qd4+ Qf6 19. Rfd1 Rac8 20. Qxf6+ Kxf6 21. Rac1 Rxc1 22. Rxc1 Re8 23. Bf1 g5 24. Kf2 h5 25.
Nd2 Kg6 26. Ne4 Re6 27. Bc4 Rc6 28. a4 f5 29. Ng3 Nf4 30. Ne2 Nxe2 31. Kxe2 Kf6 32.
Rc3 Ke5 33. Ke3 f4+ 34. Kd3 g4 35. fxg4 hxg4 36. Bb5 Rxc3+ 37. Kxc3 Bxg2 38. Kd2 Be4 39. Ke1 Kd4 40. Kf2 Bf5 41. Bd7 Bxd7 0-1

[Event "*** Titled Tuesday Blitz"]
[Site "Chess.com"]
[Date "2021.02.16"]
[Round "2"]
[White "Gabrielian_Artur"]
[Black "Kislov_Oleg"]
[Result "0-1"]
[WhiteElo "2811"]
[BlackElo "2529"]
[TimeControl "180+1"]
[EndTime "10:19:35 PST"]
[Termination "Kislov_Oleg won by resignation"]

1. c4 e5 2. Nc3 Nf6 3. Nf3 Nc6 4. d3 Bb4 5. Bd2 O-O 6. e3 d5 7. cxd5 Nxd5 8. Be2 Be6 9. O-O f6 10. Rc1 Qd7 11. Ne4 Bxd2 12. Qxd2 Rad8 13. Nc5 Qc8 14.
Nxe6 Qxe6 15. a3 Kh8 16. b4 a6 17. Qb2 Nce7 18. d4 e4 19. Nd2 c6 20. Nb3 f5 21.
Nc5 Qc8 22. g3 Rd6 23. a4 Rh6 24. h4 f4 25. Nxe4 f3 26. Bxf3 Rxf3 27. Ng5 Rf8 28.
e4 Nf4 29. Qd2 Qg4 30. Rfe1 Rxh4 31. Rc5 h6 32. Qd1 Qxd1 33. Rxd1 hxg5 34. gxf4 Rhxf4 35. Rd2 g4 36. Rh5+ Kg8 37. Re2 Ng6 38. b5 Rf3 39.
bxc6 Nf4 40. Re3 Nxh5 41. d5 Rxe3 42. fxe3 bxc6 43. d6 Rd8 44. e5 Kf7 0-1